 Dungeon Sprint DCSS version 0.23.1 (webtiles) character file.

Game seed: 8368058316428173669

59507 nuthulu the Hoplite (level 14, -2/99 HPs)
             Began as a Gargoyle Fighter on Mar 13, 2019.
             Was the Champion of Nemelex Xobeh.
             Killed from afar by a black draconian (9 damage)
             ... with a bolt of lightning
             ... in the Dungeon (Sprint V: "Ziggurat Sprint").
             The game lasted 00:15:02 (1790 turns).

nuthulu the Hoplite (Gargoyle Fighter)              Turns: 1790, Time: 00:15:02

Health: -2/99      AC: 51    Str: 32    XL:     14   Next: 95%
Magic:  26/26      EV:  8    Int:  9    God:    Nemelex Xobeh [******]
Gold:   0          SH: 44    Dex: 13    Spells: 13/13 levels left

rFire    + . .     SeeInvis .   H - +6 shillelagh "Devastator" {shatter}
rCold    + + .     Gourm    .   G - +18 shield of the Gong {rElec rN+ MR+ EV-5}
rNeg     + + +     Faith    .   F - +15 Maxwell's patent armour {-Cast -Tele rElec MR+ rCorr}
rPois    ∞         Spirit   .   (no helmet)
rElec    +         Reflect  +   M - +2 cloak {+Inv}
rCorr    +         Harm     .   O - +2 pair of gloves of the Nightingale {rF+ Regen+ Stlth+}
MR       +++..     NoTele   +   (no boots) Stlth ..........NoCast +
                                Q - brooch of Shielding {Reflect SH+8}
HPRegen  0.66/turn              A - +6 ring of strength
MPRegen  0.20/turn              J - ring "Nuwem" {rCorr rC++ rN++}

@: mighty, hasted, studying Shields, very quick
A: big wings, blurry vision 1, frail 1, negative energy resistance 1,
electricity resistance, unbreathing, petrification resistance, rot immunity, AC
+10
a: Fly, Draw Escape, Draw Destruction, Draw Summoning, Triple Draw, Deal Four,
Stack Five, Renounce Religion, Evoke Invisibility


You were in the Dungeon.
You worshipped Nemelex Xobeh.
Nemelex Xobeh was exalted by your worship.
You were not hungry.

You visited 1 branch

Inventory:

Hand Weapons
 a - a +0 flail
 H - the +6 shillelagh "Devastator" (weapon) {shatter}
   (You found it in the Dungeon)
Armour
 b - a +0 scale mail
 c - a +0 shield
 F - the +15 Maxwell's patent armour (worn) {-Cast -Tele rElec MR+ rCorr}
   (You found it in the Dungeon)

   It insulates you from electricity.
   It affects your resistance to hostile enchantments.
   It prevents spellcasting.
   It prevents most forms of teleportation.
   It provides partial protection from all sources of acid and corrosion.
 G - the +18 shield of the Gong (worn) {rElec rN+ MR+ EV-5}
   (You found it in the Dungeon)

   It affects your evasion (-5).
   It insulates you from electricity.
   It protects you from negative energy.
   It affects your resistance to hostile enchantments.
 I - a +2 pair of gloves of dexterity
 M - a +2 cloak of invisibility (worn)
 O - the +2 pair of gloves of the Nightingale (worn) {rF+ Regen+ Stlth+}
   (You found it in the Dungeon)

   It protects you from fire.
   It increases your rate of regeneration.
   It makes you more stealthy.
Jewellery
 o - an uncursed ring of fire
 w - a +6 ring of dexterity
 x - a +6 ring of dexterity
 y - a +6 ring of intelligence
 z - a +6 ring of intelligence
 A - a +6 ring of strength (left hand)
 B - a +6 ring of strength
 J - the ring "Nuwem" (right hand) {rCorr rC++ rN++}
   (You found it in the Dungeon)

   [ring of resist corrosion]

   It greatly protects you from cold.
   It greatly protects you from negative energy.
 Q - the brooch of Shielding (around neck) {Reflect SH+8}
   (You found it in the Dungeon)

   [amulet of reflection]

   It shields you and reflects attacks.
   It affects your SH (+8).
Wands
 C - a wand of disintegration (7)
 D - a wand of iceblast (7)
 E - a wand of acid (7)
Scrolls
 k - 4 scrolls of blinking
 q - 4 scrolls of amnesia
 r - 7 scrolls of fog
 s - a scroll of holy word
 t - 5 scrolls of identify
 u - 5 scrolls of remove curse
 v - 2 scrolls of fear
 L - 2 scrolls of brand weapon
 P - 3 scrolls of enchant armour
Potions
 d - 3 potions of might
 e - 7 potions of curing
 g - 2 potions of heal wounds
 h - 5 potions of haste
 i - 7 potions of magic
 j - 3 potions of berserk rage
 l - 2 potions of brilliance
 m - 2 potions of invisibility
 n - 4 potions of resistance
 p - 5 potions of agility
 K - 2 potions of cancellation {unknown}
Books
 N - a manual of Shields
Comestibles
 f - 7 rations


   Skills:
 * Level 21.2 Fighting
 - Level 17.0 Maces & Flails
 + Level 17.7 Armour
 + Level 8.0 Dodging
 - Level 21.7 Shields
 - Level 16.6 Invocations


You had 13 spell levels left.
You didn't know any spells.
Your spell library was empty.

Dungeon Overview and Level Annotations

Branches:
Dungeon (1/1)

Altars:
Ashenzari
Cheibriados
Dithmenos
Elyvilon
Fedhas
Gozag
Hepliaklqana
Kikubaaqudgha
Makhleb
Nemelex Xobeh
Okawaru
Qazlal
Ru
Sif Muna
Trog
Uskayaw
Vehumet
Wu Jian
Xom
Yredelemnul
Zin
The Shining One
Beogh
Jiyva
Lugonu

Annotations:
D 1 transporter


Innate Abilities, Weirdness & Mutations

You are resistant to torment.
Your stone body is resilient. (AC +10)
You are immune to poison.
Your large and strong wings let you fly indefinitely.
You resist negative energy. (rN+)
You are resistant to electric shocks. (rElec)
You can survive without breathing.
You are immune to petrification.
You are immune to rotting.
Scrolls take you a little longer to read.
You are frail. (-10% HP)


Message History

Unknown command.
Unknown command.
Unknown command.
You hit the black draconian.
The black draconians, the purple draconian and the yellow draconian shudder.
The black draconian is almost dead.
The purple draconian is severely wounded.
The yellow draconian is severely wounded.
The black draconian is heavily wounded.
The black draconian is lightly wounded.
The black draconian is severely wounded.
The black draconian is almost dead.
You block the black draconian's attack.
GONNNNG!
The black draconian breathes lightning at you.
The bolt of lightning hits the black draconian.
The black draconian completely resists.
The bolt of lightning hits you! You resist.
You die...
Your body disappears without a glow.

............._▓▓...▓.......▓...▓.
_8_8_8_8_8_8_8▓▓...............▓.
▓▓▓▓▓▓▓▓▓▓▓▓▓▓▓▓...............▓▓
.......©.......▓.
▓▓▓▓▓▓▓▓▓▓▓▓▓▓▓▓▓. ▓......8©8. ▓.
▓q.).:):)}}. ▓.
▓dd)):.:[)[})[..▓.
▓@dd...q)[......▓.
▓ddd)...........▓.
▓ddd............▓.
▓d..............▓.
▓..§.).)........▓.
▓...............▓.
▓...............▓.
▓...▓.......▓...▓. ▓°.▓.▓.....▓.▓
.▓▓


You could see 6 draconians, a yellow draconian, 2 draconians, a purple
draconian, a red draconian, a yellow draconian shifter and a red draconian
annihilator.

Vanquished Creatures
  A greater mummy (D)
  An acid blob (D)
  2 draconian scorchers (D)
  A very ugly thing (D)
  A stone giant (D)
  A yellow draconian (D)
  3 white draconians (D)
  2 red draconians (D)
  A death ooze (D)
  13 vault guards (D)
  A catoblepas (D)
  A death yak (D)
  A shock serpent (D)
  An unseen horror (D)
  A deep troll (D)
  An orc knight (D)
  An orb spider (D)
  2 orc sorcerers (D)
  4 necromancers (D)
  A shining eye (D)
  A harpy (shapeshifter) (D)
  5 wolf spiders (D)
  4 ugly things (D)
  An eye of devastation (D)
  2 spiny frogs (D)
  4 yaktaurs (D)
  6 demonic crawlers (D)
  2 trolls (D)
  2 guardian mummies (D)
  A polar bear (D)
  3 jumping spiders (D)
  A merfolk (D)
  7 hornets (D)
  A dream sheep (shapeshifter) (D)
  6 hippogriffs (D)
  3 tarantellas (D)
  A redback (shapeshifter) (D)
  2 flying skulls (D)
  Sigmund (D)
  4 spriggans (D)
  A shadow (D)
  A basilisk (D)
  2 golden eyes (D)
  2 yaks (D)
  A basilisk (shapeshifter) (D)
  Duvessa (D)
  5 water moccasins (D)
  4 porcupines (D)
  2 floating eyes (D)
  2 swamp drakes (D)
  A black bear (D)
  4 orc warriors (D)
  3 necrophages (D)
  4 wolves (D)
  2 centaurs (D)
  2 ogres (D)
  3 crocodiles (D)
  Blork the orc (D)
  8 bullfrogs (D)
  Dowan (D)
  A wight (D)
  3 jellies (D)
  Crazy Yiuf (D)
  An orc wizard (D)
  Jessica (D)
  2 iguanas (D)
  4 adders (D)
  An adder skeleton (D)
  A jackal (D)
  3 ball pythons (D)
  A ball python skeleton (D)
  A ball python zombie (D)
  A giant cockroach zombie (D)
  A jackal zombie (D)
169 creatures vanquished.

Vanquished Creatures (collateral kills)
  A storm dragon (D)
  An emperor scorpion (D)
  A red draconian (D)
  2 white draconians (D)
  A death ooze (D)
  An anaconda (D)
  A satyr (shapeshifter) (D)
  A satyr (D)
  A fire crab (D)
  An ugly thing (D)
  A harpy (D)
  A shining eye (shapeshifter) (D)
  A moth of wrath (D)
  An apocalypse crab (D)
  2 yaktaurs (shapeshifter) (D)
  A flying skull (D)
  A tarantella (shapeshifter) (D)
  A neqoxec (D)
  A warg (D)
  A swamp worm (shapeshifter) (D)
  2 water moccasins (D)
  A hell hound (D)
  A black bear (shapeshifter) (D)
  2 mummies (D)
28 creatures vanquished.

Vanquished Creatures (others)
  A draconian knight (D)
  A mummy priest (D)
  An unseen horror (shapeshifter) (D)
  A faun (D)
  A guardian mummy (D)
  A wolf (D)
  A mummy (D)
  A ball lightning (D)
8 creatures vanquished.

Grand Total: 205 creatures vanquished

Notes
Turn   | Place    | Note
-------+----------+-------------------------------------------
     0 | D        | Found the +6 Majin-Bo {vamp, Archmagi MP+6 Int+6}
     0 | D        | Found the +7 great mace "Firestarter" {inner flame, rF++}
     0 | D        | nuthulu the Gargoyle Fighter began the quest for the Orb.
     0 | D        | Reached XP level 1. HP: 14/14 MP: 1/1
     0 | D        | Found a deep blue altar of Sif Muna.
     0 | D        | Found a sacrificial altar of Ru.
     0 | D        | Found a bloodstained altar of Trog.
     0 | D        | Found a stormy altar of Qazlal.
     0 | D        | Found an iron altar of Okawaru.
     0 | D        | Found a sparkling altar of Nemelex Xobeh.
     0 | D        | Found a blossoming altar of Fedhas.
     2 | D        | Found a transporter.
     2 | D        | Found an ancient bone altar of Kikubaaqudgha.
     2 | D        | Found a viscous altar of Jiyva.
     2 | D        | Found a corrupted altar of Lugonu.
     2 | D        | Found a hazy altar of Hepliaklqana.
     2 | D        | Found a burning altar of Makhleb.
     2 | D        | Found an opulent altar of Gozag.
    22 | D        | Found the +9 heavy crossbow "Sniper" {velocity, Acc+∞ SInv}
    22 | D        | Found the +10 dark maul {crush}
    22 | D        | Found the +15 Maxwell's patent armour {-Cast -Tele rElec
                  | MR+ rCorr}
    22 | D        | Found the +18 shield of the Gong {rElec rN+ MR+ EV-5}
    22 | D        | Found the cursed +14 obsidian axe {chop, +Fly SInv *Curse}
    24 | D        | Found the +6 shillelagh "Devastator" {shatter}
    24 | D        | Found the +11 plutonium sword {*Contam Stlth-}
    24 | D        | Found the +8 lance "Wyrmbane" {slay drac, rPois rF+ rC+
                  | AC+3}
    24 | D        | Found the +9 sword of Zonguldrok {reap}
    24 | D        | Found the cursed +13 scythe of Curses {drain, *Curse}
    24 | D        | Found the +0 sword of Power
    24 | D        | Found the +7 mace of Variability {chain chaos}
    24 | D        | Found the +7 Singing Sword {slice, sonic wave}
    24 | D        | Found the +7 longbow "Piercer" {penet, EV-2}
    87 | D        | Became a worshipper of Nemelex Xobeh the Trickster
    96 | D        | Reached XP level 2. HP: 19/19 MP: 1/6
    97 | D        | Entered arena 2.
    97 | D        | Noticed a bullfrog
    97 | D        | Received a gift from Nemelex Xobeh
    97 | D        | Found a transporter.
    98 | D        | Killed a bullfrog
    98 | D        | Reached XP level 3. HP: 24/24 MP: 1/8
    98 | D        | Reached XP level 4. HP: 30/30 MP: 1/9
   105 | D        | Entered arena 3.
   105 | D        | Reached * piety under Nemelex Xobeh
   105 | D        | Found a transporter.
   108 | D        | Reached skill level 5 in Maces & Flails
   173 | D        | Entered arena 4.
   173 | D        | Found a transporter.
   173 | D        | Received a gift from Nemelex Xobeh
   175 | D        | Reached skill level 5 in Fighting
   175 | D        | Reached skill level 5 in Armour
   175 | D        | Reached skill level 5 in Shields
   181 | D        | Entered arena 5.
   181 | D        | Noticed a necrophage
   181 | D        | Found a transporter.
   181 | D        | Received a gift from Nemelex Xobeh
   181 | D        | Reached ** piety under Nemelex Xobeh
   183 | D        | Reached XP level 5. HP: 35/35 MP: 10/10
   188 | D        | Killed a necrophage
   188 | D        | Reached XP level 6. HP: 41/41 MP: 10/12
   194 | D        | Entered arena 6.
   194 | D        | Noticed a yaktaur
   194 | D        | Noticed a yaktaur
   194 | D        | Noticed a yaktaur
   194 | D        | Noticed a yaktaur
   194 | D        | Received a gift from Nemelex Xobeh
   194 | D        | Found a transporter.
   202 | D        | Killed a yaktaur
   202 | D        | Reached XP level 7. HP: 39/48 MP: 11/14
   202 | D        | Killed a yaktaur
   202 | D        | Reached XP level 8. HP: 45/55 MP: 11/15
   204 | D        | Killed a yaktaur
   204 | D        | Reached skill level 10 in Shields
   204 | D        | Reached skill level 10 in Invocations
   206 | D        | Killed a yaktaur
   259 | D        | Entered arena 7.
   259 | D        | Noticed a hippogriff
   259 | D        | Noticed a merfolk
   259 | D        | Noticed a hippogriff
   259 | D        | Noticed a hippogriff
   259 | D        | Noticed a hippogriff
   259 | D        | Received a gift from Nemelex Xobeh
   259 | D        | Reached *** piety under Nemelex Xobeh
   260 | D        | Found a transporter.
   266 | D        | Killed a hippogriff
   267 | D        | Killed a hippogriff
   267 | D        | Reached XP level 9. HP: 60/61 MP: 15/17
   270 | D        | Reached skill level 10 in Armour
   271 | D        | Killed a merfolk
   279 | D        | Got the ring "Nuwem" {rCorr rC++ rN++}
   283 | D        | Entered arena 8.
   283 | D        | Noticed Sigmund
   283 | D        | Noticed Jessica
   283 | D        | Noticed Blork the orc
   283 | D        | Noticed Crazy Yiuf
   283 | D        | Noticed Dowan
   283 | D        | Noticed Duvessa
   284 | D        | Killed Crazy Yiuf
   285 | D        | Found a transporter.
   287 | D        | Killed Dowan
   287 | D        | Reached skill level 1 in Dodging
   289 | D        | Killed Duvessa
   289 | D        | Reached skill level 10 in Fighting
   289 | D        | Killed Sigmund
   289 | D        | Killed Jessica
   290 | D        | Killed Blork the orc
   302 | D        | Entered arena 9.
   302 | D        | Noticed an eye of devastation
   302 | D        | Received a gift from Nemelex Xobeh
   303 | D        | Found a transporter.
   304 | D        | Paralysed by a floating eye for 4 turns
   314 | D        | Paralysed by a floating eye for 4 turns
   324 | D        | Paralysed by a floating eye for 2 turns
   338 | D        | HP: 1/62 [disintegration (34)]
   344 | D        | Killed an eye of devastation
   344 | D        | Reached XP level 10. HP: 41/68 MP: 19/19
   471 | D        | Entered arena 10.
   471 | D        | Noticed a spriggan rider
   471 | D        | Noticed a spriggan rider
   471 | D        | Noticed a spriggan rider
   471 | D        | Received a gift from Nemelex Xobeh
   471 | D        | Reached **** piety under Nemelex Xobeh
   471 | D        | Received a gift from Nemelex Xobeh
   472 | D        | Found a transporter.
   477 | D        | Reached skill level 10 in Maces & Flails
   494 | D        | Killed a spriggan rider
   553 | D        | Entered arena 11.
   553 | D        | Received a gift from Nemelex Xobeh
   553 | D        | Received a gift from Nemelex Xobeh
   553 | D        | Reached ***** piety under Nemelex Xobeh
   554 | D        | Found the +7 Kryia's mail coat {PotionHeal*2 rC+}
   554 | D        | Found a transporter.
   566 | D        | Entered arena 12.
   566 | D        | Noticed a necromancer
   566 | D        | Noticed a necromancer
   566 | D        | Received a gift from Nemelex Xobeh
   566 | D        | Noticed a necromancer
   567 | D        | Noticed a necromancer
   568 | D        | Found a transporter.
   574 | D        | Killed a necromancer
   574 | D        | Reached skill level 15 in Shields
   574 | D        | Reached XP level 11. HP: 60/74 MP: 19/21
   576 | D        | Killed a necromancer
   579 | D        | Killed a necromancer
   594 | D        | Killed a necromancer
   640 | D        | Entered arena 13.
   640 | D        | Noticed a mummy priest
   640 | D        | Received a gift from Nemelex Xobeh
   641 | D        | Noticed a greater mummy
   645 | D        | Found a transporter.
   651 | D        | Noticed a death scarab
   651 | D        | Noticed a death scarab
   653 | D        | Killed a mummy priest
   669 | D        | Noticed a death scarab
   672 | D        | Noticed a death scarab
   675 | D        | Killed a greater mummy
   675 | D        | Reached skill level 15 in Invocations
   675 | D        | Reached XP level 12. HP: 29/81 MP: 21/23
   675 | D        | Noticed a soul eater
   917 | D        | Entered arena 14.
   917 | D        | Received a gift from Nemelex Xobeh
   917 | D        | Received a gift from Nemelex Xobeh
   919 | D        | Reached ****** piety under Nemelex Xobeh
   919 | D        | Identified the ring of the Messenger {MP+9 Int+4}
   919 | D        | Identified the +8 long sword of Gaturudo {drain, +Fly rElec
                  | rPois}
   920 | D        | Found a transporter.
   920 | D        | Received a gift from Nemelex Xobeh
   945 | D        | Entered arena 15.
   945 | D        | Received a gift from Nemelex Xobeh
   946 | D        | Noticed a death ooze
   946 | D        | Noticed an acid blob
   946 | D        | Noticed an azure jelly
   947 | D        | Received a gift from Nemelex Xobeh
   947 | D        | Noticed a great orb of eyes
   947 | D        | Noticed a death ooze
   948 | D        | Found a transporter.
   955 | D        | Noticed a storm dragon
   955 | D        | an azure jelly changed into a storm dragon
   955 | D        | Noticed a satyr
   955 | D        | a great orb of eyes changed into a satyr
   955 | D        | Noticed a catoblepas
   955 | D        | a slime creature changed into a catoblepas
   958 | D        | Killed a death ooze
   959 | D        | Killed a satyr
   960 | D        | Killed a storm dragon
   962 | D        | HP: 4/82 [deep troll (19)]
   968 | D        | Killed a death ooze
   968 | D        | HP: 4/82 [acid (6)]
   969 | D        | Killed a catoblepas
   970 | D        | Killed an acid blob
   970 | D        | Reached XP level 13. HP: 5/87 MP: 25/25
  1322 | D        | Entered arena 16.
  1322 | D        | Received a gift from Nemelex Xobeh
  1322 | D        | Received a gift from Nemelex Xobeh
  1323 | D        | Noticed a stone giant
  1323 | D        | Noticed a vault guard
  1323 | D        | Noticed a vault guard
  1323 | D        | Noticed a vault guard
  1323 | D        | Noticed a vault guard
  1323 | D        | Noticed a vault guard
  1323 | D        | Noticed a vault guard
  1323 | D        | Noticed a vault guard
  1323 | D        | Noticed a vault guard
  1324 | D        | Identified the +8 broad axe of Purpose {elec, -Tele Dex+7}
  1324 | D        | Noticed a vault guard
  1324 | D        | Noticed a vault guard
  1324 | D        | Noticed a vault guard
  1324 | D        | Noticed a vault guard
  1324 | D        | Noticed a vault guard
  1325 | D        | Found a transporter.
  1335 | D        | Killed a vault guard
  1340 | D        | Killed a vault guard
  1343 | D        | Killed a vault guard
  1343 | D        | Killed a vault guard
  1344 | D        | Killed a vault guard
  1344 | D        | Reached skill level 15 in Maces & Flails
  1347 | D        | Killed a vault guard
  1350 | D        | Killed a vault guard
  1352 | D        | Killed a vault guard
  1352 | D        | Killed a vault guard
  1353 | D        | Killed a vault guard
  1357 | D        | Killed a vault guard
  1357 | D        | Killed a stone giant
  1357 | D        | Reached skill level 15 in Fighting
  1363 | D        | Killed a vault guard
  1367 | D        | Killed a vault guard
  1375 | D        | Got the +2 pair of gloves of the Nightingale {rF+ Regen+
                  | Stlth+}
  1398 | D        | Entered arena 17.
  1398 | D        | Received a gift from Nemelex Xobeh
  1398 | D        | Received a gift from Nemelex Xobeh
  1398 | D        | Received a gift from Nemelex Xobeh
  1400 | D        | Received a gift from Nemelex Xobeh
  1401 | D        | Noticed an emperor scorpion
  1403 | D        | Found the brooch of Shielding {Reflect SH+8}
  1414 | D        | Found a transporter.
  1433 | D        | Killed an emperor scorpion
  1538 | D        | Entered arena 18.
  1538 | D        | Received a gift from Nemelex Xobeh
  1539 | D        | Received a gift from Nemelex Xobeh
  1541 | D        | Noticed a green very ugly thing
  1543 | D        | Found a transporter.
  1549 | D        | Killed a cyan very ugly thing
  1549 | D        | Reached skill level 15 in Armour
  1550 | D        | Noticed an ettin
  1550 | D        | a glowing orange brain changed into an ettin
  1551 | D        | Gained mutation: You are frail. (-10% HP) [a neqoxec]
  1552 | D        | an ettin changed into an anaconda
  1553 | D        | Gained mutation: Your large and strong wings let you fly
                  | indefinitely. [Gargoyle growth]
  1553 | D        | Reached XP level 14. HP: 91/91 MP: 26/26
  1558 | D        | Gained mutation: Scrolls take you a little longer to read.
                  | [a neqoxec]
  1584 | D        | Entered arena 19.
  1584 | D        | Received a gift from Nemelex Xobeh
  1584 | D        | Received a gift from Nemelex Xobeh
  1587 | D        | Received a gift from Nemelex Xobeh
  1589 | D        | Found a transporter.
  1613 | D        | Entered arena 20.
  1613 | D        | Received a gift from Nemelex Xobeh
  1613 | D        | Received a gift from Nemelex Xobeh
  1613 | D        | Received a gift from Nemelex Xobeh
  1615 | D        | Received a gift from Nemelex Xobeh
  1620 | D        | Found a transporter.
  1640 | D        | Reached skill level 5 in Dodging
  1661 | D        | Received a gift from Nemelex Xobeh
  1736 | D        | Entered arena 21.
  1736 | D        | Received a gift from Nemelex Xobeh
  1736 | D        | Received a gift from Nemelex Xobeh
  1738 | D        | Received a gift from Nemelex Xobeh
  1740 | D        | Noticed a purple draconian
  1740 | D        | Noticed a green draconian
  1740 | D        | Noticed a white draconian
  1740 | D        | Noticed a white draconian
  1740 | D        | Noticed a black draconian
  1740 | D        | Noticed a white draconian
  1740 | D        | Noticed a black draconian
  1740 | D        | Noticed a red draconian
  1740 | D        | Noticed a red draconian
  1741 | D        | Received a gift from Nemelex Xobeh
  1741 | D        | Noticed a black draconian
  1741 | D        | Noticed a red draconian
  1741 | D        | Noticed a black draconian
  1741 | D        | Noticed a yellow draconian
  1741 | D        | Noticed a yellow draconian
  1741 | D        | Identified the +5 battleaxe "Dec Cel" {chop, +Blink rPois
                  | rF+ rN+}
  1741 | D        | Noticed a yellow draconian knight
  1741 | D        | Noticed a black draconian
  1741 | D        | Noticed a red draconian
  1741 | D        | Noticed a red draconian annihilator
  1741 | D        | Noticed a green draconian scorcher
  1741 | D        | Noticed a white draconian
  1741 | D        | Noticed a yellow draconian shifter
  1741 | D        | Identified the +4 glaive "Pyach" {drain, +Inv Stlth+}
  1741 | D        | Noticed a black draconian
  1742 | D        | Identified the +5 demon trident "Suach" {pierce, Int+3}
  1742 | D        | Noticed a green draconian
  1743 | D        | Noticed a white draconian
  1744 | D        | Noticed a green draconian scorcher
  1747 | D        | Killed a white draconian
  1753 | D        | Found a transporter.
  1759 | D        | Killed a white draconian
  1763 | D        | Killed a yellow draconian
  1763 | D        | Killed a red draconian
  1764 | D        | Killed a white draconian
  1765 | D        | Killed a red draconian
  1767 | D        | Killed a green draconian scorcher
  1767 | D        | Killed a red draconian
  1769 | D        | Killed a white draconian
  1779 | D        | Killed a yellow draconian knight
  1781 | D        | Killed a white draconian
  1788 | D        | Killed a green draconian scorcher
  1790 | D        | Killed from afar by a black draconian

Skill      XL: |  1  2  3  4  5  6  7  8  9 10 11 12 13 14 |
---------------+-------------------------------------------+-----
Maces & Flails | 4 5 6 7 9 11 13 14 16 17 | 17.0
Invocations    | 6 7 8 9 11 12 13 15 16 | 16.6
Fighting       | 4 5 6 7 8 9 10 11 12 17 21 | 21.2
Armour         | 4 5 6 7 8 9 10 11 12 15 17 | 17.7
Shields        | 4 5 6 8 9 11 13 15 17 20 21 | 21.7
Dodging        | 1 2 3 8 |  8.0

Action                   |  1- 3 |  4- 6 |  7- 9 | 10-12 | 13-15 || total
-------------------------+-------+-------+-------+-------+-------++-------
Melee: Shillelagh        |     1 |    14 |    38 |    97 |   144 ||   294
Invok: Triple Draw       |       |       |     1 |       |       ||     1
       Deal Four         |       |       |       |     1 |     5 ||     6
 Abil: Draw Destruction  |       |       |       |     7 |     5 ||    12
       Draw Summoning    |       |       |       |     1 |     1 ||     2
  Use: Potion            |     1 |     1 |     3 |     4 |     7 ||    16
       Scroll            |       |       |       |       |     1 ||     1
  Eat: Ration            |       |       |       |       |     1 ||     1
Armor: Plate armour      |       |     3 |    67 |    49 |   214 ||   333
Dodge: Dodged            |       |       |     6 |     6 |    47 ||    59
Block: Shield            |       |    26 |    51 |   145 |   420 ||   642
